TOP OF THE 1ST |
Phoenix Hotspur Reserves batting - Pitching for Port Royal Disaster : RHP Phil Soto
|
Pitching: RHP Phil Soto
|
|
Batting: LHB Daniel Joseph
|
0-0: Fly out, F8 (Line Drive, 8LD, EV 99.4 MPH)
|
Batting: LHB Valerius Buser
|
0-0: Ground out 6-3 (Groundball, 6M, EV 80.0 MPH)
|
Batting: RHB Ilkka Haapajarvi
|
0-0: Ball 1-0: Called Strike 1-1: Swinging Strike 1-2: SINGLE (Flyball, 9LM, EV 100.0 MPH)
|
Batting: RHB Peer Kattenberg
|
0-0: Swinging Strike 0-1: Ball 1-1: Ball 2-1: Ground out 4-3 (Groundball, 4, EV 87.5 MPH)
|
Top of the 1st over - 0 runs, 1 hit, 0 errors, 1 left on base; Phoenix 0 - Port Royal 0 |
BOTTOM OF THE 1ST |
Port Royal Disaster batting - Pitching for Phoenix Hotspur Reserves : LHP Dan Bell
|
Pitching: LHP Dan Bell
|
|
Batting: LHB Rafael Urrutiz
|
0-0: SINGLE (Groundball, 4S, EV 65.6 MPH) (infield hit)
|
Batting: RHB Vesa Karpinen
|
0-0: SINGLE (Groundball, 6D, EV 102.5 MPH) Rafael Urrutiz to second
|
Batting: LHB Benno Luby
|
0-0: Ball 1-0: Called Strike 1-1: Ball 2-1: Ball 3-1: Called Strike 3-2: Strikes out looking Rafael Urrutiz steals 3rd base Batter strikes out. Vesa Karpinen to second
|
Batting: RHB Oki Hai
|
0-0: Foul Ball, location: 2F 0-1: Ball 1-1: SINGLE (Groundball, 4MD, EV 95.0 MPH) Rafael Urrutiz scores Vesa Karpinen to third Runner from 3rd tries for Home, SAFE, no throw by CF
|
Batting: LHB Luis Benítez
|
0-0: Ball 1-0: Foul Ball, location: 2F 1-1: Foul Ball, location: 2F 1-2: Fly out, F5 (Popup, 25F, EV 91.9 MPH)
|
Batting: RHB Louie Kennard
|
0-0: Fly out, F9 (Line Drive, 9D, EV 96.2 MPH)
|
Bottom of the 1st over - 2 runs, 3 hits, 0 errors, 1 left on base; Phoenix 0 - Port Royal 2 |
TOP OF THE 2ND |
Phoenix Hotspur Reserves batting - Pitching for Port Royal Disaster : RHP Phil Soto
|
Batting: LHB Malibok Herreria
|
0-0: Ball 1-0: Fly out, F8 (Flyball, 89S, EV 90.0 MPH)
|
Batting: RHB Nathan Pruitt
|
0-0: Swinging Strike 0-1: Called Strike 0-2: Strikes out swinging
|
Batting: RHB Lee Cooper
|
0-0: Called Strike 0-1: Called Strike 0-2: Foul Ball, location: 2F 0-2: Ball 1-2: Ground out 3-1 (Groundball, 34, EV 88.8 MPH)
|
Top of the 2nd over - 0 runs, 0 hits, 0 errors, 0 left on base; Phoenix 0 - Port Royal 2 |
BOTTOM OF THE 2ND |
Port Royal Disaster batting - Pitching for Phoenix Hotspur Reserves : LHP Dan Bell
|
Batting: LHB Alfonso López
|
0-0: Ball 1-0: Ball 2-0: Called Strike 2-1: Called Strike 2-2: Ball 3-2: Strikes out swinging
|
Batting: RHB Tomás Martí
|
0-0: Ball 1-0: Called Strike 1-1: Called Strike 1-2: Reached via error on a dropped throw from 1B, E1 (Groundball, 34, EV 107.5 MPH)
|
Batting: RHB Mark Merry
|
0-0: Ball 1-0: Foul Ball, location: 2F 1-1: Ball 2-1: Foul Ball, location: 2F 2-2: Ball 3-2: Foul Ball, location: 2F 3-2: Ground out 4-3 (Groundball, 34, EV 95.0 MPH) Tomás Martí to second
|
Batting: LHB Rafael Urrutiz
|
0-0: Ball Wild Pitch! Tomás Martí to third 1-0: Swinging Strike 1-1: Ball 2-1: Swinging Strike 2-2: Ball 3-2: Base on Balls
|
Batting: RHB Vesa Karpinen
|
0-0: Ball 1-0: Ball 2-0: Called Strike 2-1: Fly out, F7 (Flyball, 7S, EV 81.9 MPH)
|
Bottom of the 2nd over - 0 runs, 0 hits, 1 error, 2 left on base; Phoenix 0 - Port Royal 2 |
TOP OF THE 3RD |
Phoenix Hotspur Reserves batting - Pitching for Port Royal Disaster : RHP Phil Soto
|
Batting: RHB Juan Vigil
|
0-0: Called Strike 0-1: Ball 1-1: Foul Ball, location: 2F 1-2: Ball 2-2: Ground out U3 (Groundball, 34S, EV 88.1 MPH)
|
Batting: RHB Pedro Marín
|
0-0: Called Strike 0-1: Swinging Strike 0-2: Ball 1-2: Foul Ball, location: 2F 1-2: Ball 2-2: Strikes out swinging
|
Batting: LHB Daniel Joseph
|
0-0: Ground out 4-3 (Groundball, 34, EV 103.8 MPH)
|
Top of the 3rd over - 0 runs, 0 hits, 0 errors, 0 left on base; Phoenix 0 - Port Royal 2 |
BOTTOM OF THE 3RD |
Port Royal Disaster batting - Pitching for Phoenix Hotspur Reserves : LHP Dan Bell
|
Batting: LHB Benno Luby
|
0-0: Swinging Strike 0-1: Ball 1-1: Foul Ball, location: 2F 1-2: Strikes out looking
|
Batting: RHB Oki Hai
|
0-0: Called Strike 0-1: Swinging Strike 0-2: SINGLE (Groundball, 6D, EV 103.1 MPH)
|
Batting: LHB Luis Benítez
|
0-0: Ball Oki Hai is caught stealing 2nd base 2-6 1-0: Fly out, F8 (Flyball, 8LXD, EV 97.5 MPH)
|
Bottom of the 3rd over - 0 runs, 1 hit, 0 errors, 0 left on base; Phoenix 0 - Port Royal 2 |
TOP OF THE 4TH |
Phoenix Hotspur Reserves batting - Pitching for Port Royal Disaster : RHP Phil Soto
|
Pitching: LHP Christian Clayton
|
|
Batting: LHB Valerius Buser
|
0-0: Foul Ball, location: 2F 0-1: Ball 1-1: Swinging Strike 1-2: Ball 2-2: Ball 3-2: Base on Balls
|
Batting: RHB Ilkka Haapajarvi
|
0-0: Ball 1-0: Called Strike 1-1: Ball 2-1: Foul Ball, location: 2F 2-2: Fielders Choice at 2nd, 6-4 (Groundball, 6, EV 101.9 MPH)
|
Batting: RHB Peer Kattenberg
|
0-0: Called Strike 0-1: Ball 1-1: Called Strike 1-2: Fly out, F6 (Popup, 6, EV 60.0 MPH)
|
Batting: LHB Malibok Herreria
|
0-0: Ball Wild Pitch! Ilkka Haapajarvi to second 1-0: Ball 2-0: Ball 3-0: Base on Balls
|
Batting: RHB Nathan Pruitt
|
0-0: Foul Ball, location: 2F 0-1: Ball 1-1: Called Strike 1-2: Ball 2-2: Ball 3-2: Base on Balls Ilkka Haapajarvi to third Malibok Herreria to second
|
Batting: RHB Lee Cooper
|
0-0: Ball 1-0: Foul Ball, location: 2F 1-1: Foul Ball, location: 2F 1-2: Ball 2-2: Ball 3-2: Base on Balls Ilkka Haapajarvi scores Malibok Herreria to third Nathan Pruitt to second
|
Batting: RHB Juan Vigil
|
0-0: Ground out 1-3 (Groundball, 34S, EV 84.4 MPH)
|
Top of the 4th over - 1 run, 0 hits, 0 errors, 3 left on base; Phoenix 1 - Port Royal 2 |
BOTTOM OF THE 4TH |
Port Royal Disaster batting - Pitching for Phoenix Hotspur Reserves : LHP Dan Bell
|
Batting: RHB Louie Kennard
|
0-0: Called Strike 0-1: Ball 1-1: Ground out 6-3 (Groundball, 56, EV 93.1 MPH)
|
Batting: LHB Alfonso López
|
0-0: Called Strike 0-1: Fly out, F7 (Flyball, 78S, EV 89.4 MPH)
|
Batting: RHB Tomás Martí
|
0-0: Ball 1-0: SINGLE (Flyball, 8RS, EV 91.9 MPH)
|
Batting: RHB Mark Merry
|
0-0: Called Strike 0-1: Ball 1-1: Ball 2-1: Fly out, F8 (Flyball, 89D, EV 100.6 MPH)
|
Bottom of the 4th over - 0 runs, 1 hit, 0 errors, 1 left on base; Phoenix 1 - Port Royal 2 |
TOP OF THE 5TH |
Phoenix Hotspur Reserves batting - Pitching for Port Royal Disaster : LHP Christian Clayton
|
Batting: RHB Pedro Marín
|
0-0: Ball 1-0: Called Strike 1-1: Swinging Strike 1-2: Reached on error, E5 (Groundball, 56S, EV 87.5 MPH)
|
Batting: LHB Daniel Joseph
|
0-0: Called Strike 0-1: Swinging Strike 0-2: Ball 1-2: Ball 2-2: Strikes out swinging
|
Batting: LHB Valerius Buser
|
0-0: Called Strike 0-1: SINGLE (Groundball, 4MD, EV 105.0 MPH) Pedro Marín to third Runner from 3rd tries for Home, SAFE, no throw by CF
|
Pitching: RHP Jerry Kumpf
|
|
Batting: RHB Ilkka Haapajarvi
|
0-0: Swinging Strike 0-1: Ball 1-1: Swinging Strike 1-2: Strikes out swinging
|
Batting: RHB Peer Kattenberg
|
0-0: Foul Ball, location: 2F 0-1: Fielders Choice at 2nd, 5-4 (Groundball, 5L, EV 91.2 MPH)
|
Top of the 5th over - 1 run, 1 hit, 1 error, 1 left on base; Phoenix 2 - Port Royal 2 |
BOTTOM OF THE 5TH |
Port Royal Disaster batting - Pitching for Phoenix Hotspur Reserves : LHP Dan Bell
|
Batting: LHB Rafael Urrutiz
|
0-0: Ball 1-0: SINGLE (Line Drive, 5D, EV 105.0 MPH)
|
Batting: RHB Vesa Karpinen
|
0-0: Bunt missed! 0-1: Ball 1-1: Bunted foul 1-2: Strikes out swinging
|
Batting: LHB Benno Luby
|
0-0: Foul Ball, location: 2F 0-1: Ball 1-1: Ball 2-1: Called Strike 2-2: DOUBLE (Flyball, 9LD, EV 95.6 MPH) Rafael Urrutiz to third Runner from 3rd tries for Home, SAFE, throw by RF to trailing runner, SAFE at third!
|
Batting: RHB Oki Hai
|
0-0: Swinging Strike 0-1: Ball 1-1: Foul Ball, location: 2F 1-2: Ground out 5-3 (Groundball, 56, EV 102.5 MPH) Benno Luby scores
|
Batting: LHB Luis Benítez
|
0-0: Called Strike 0-1: Ground out U3 (Groundball, 3, EV 85.6 MPH)
|
Bottom of the 5th over - 2 runs, 2 hits, 0 errors, 0 left on base; Phoenix 2 - Port Royal 4 |
TOP OF THE 6TH |
Phoenix Hotspur Reserves batting - Pitching for Port Royal Disaster : RHP Jerry Kumpf
|
Batting: LHB Malibok Herreria
|
0-0: Ball 1-0: Called Strike 1-1: Ball 2-1: SINGLE (Groundball, 34D, EV 97.5 MPH)
|
Batting: RHB Nathan Pruitt
|
0-0: Grounds into double play, 5-4-3 (Groundball, 56, EV 80.6 MPH)
|
Batting: RHB Lee Cooper
|
0-0: Called Strike 0-1: Ball 1-1: SINGLE (Groundball, 6MD, EV 99.4 MPH)
|
Batting: RHB Juan Vigil
|
0-0: Called Strike 0-1: Ball 1-1: Foul Ball, location: 2F 1-2: Ball 2-2: Strikes out looking
|
Top of the 6th over - 0 runs, 2 hits, 0 errors, 1 left on base; Phoenix 2 - Port Royal 4 |
BOTTOM OF THE 6TH |
Port Royal Disaster batting - Pitching for Phoenix Hotspur Reserves : LHP Dan Bell
|
Batting: RHB Louie Kennard
|
0-0: Ground out 6-3 (Groundball, 6, EV 81.2 MPH)
|
Batting: LHB Alfonso López
|
0-0: Ball 1-0: Called Strike 1-1: Ball 2-1: Fly out, F8 (Line Drive, 8LM, EV 92.5 MPH)
|
Pitching: RHP Coy Mitoglou
|
|
Batting: RHB Tomás Martí
|
0-0: Ground out 6-3 (Groundball, 6, EV 85.6 MPH)
|
Bottom of the 6th over - 0 runs, 0 hits, 0 errors, 0 left on base; Phoenix 2 - Port Royal 4 |
TOP OF THE 7TH |
Phoenix Hotspur Reserves batting - Pitching for Port Royal Disaster : RHP Jerry Kumpf
|
Batting: RHB Pedro Marín
|
0-0: Foul Ball, location: 2F 0-1: Ball 1-1: Ball 2-1: Swinging Strike 2-2: Strikes out swinging
|
Batting: LHB Daniel Joseph
|
0-0: Called Strike 0-1: Called Strike 0-2: Ball 1-2: Ball 2-2: Fly out, F7 (Flyball, 7S, EV 82.5 MPH)
|
Batting: LHB Valerius Buser
|
0-0: Called Strike 0-1: Foul Ball, location: 2F 0-2: Foul Ball, location: 2F 0-2: Ball 1-2: Foul Ball, location: 2F 1-2: Foul Ball, location: 2F 1-2: Ball 2-2: Foul Ball, location: 2F 2-2: Foul Ball, location: 2F 2-2: Strikes out swinging
|
Top of the 7th over - 0 runs, 0 hits, 0 errors, 0 left on base; Phoenix 2 - Port Royal 4 |
BOTTOM OF THE 7TH |
Port Royal Disaster batting - Pitching for Phoenix Hotspur Reserves : RHP Coy Mitoglou
|
Batting: RHB Mark Merry
|
0-0: Ball 1-0: Called Strike 1-1: SINGLE (Groundball, 4D, EV 104.4 MPH)
|
Batting: LHB Rafael Urrutiz
|
0-0: Bunted foul 0-1: Bunted foul 0-2: Ball Wild Pitch! Mark Merry to second 1-2: Fly out, F8 (Flyball, 78M, EV 89.4 MPH)
|
Batting: RHB Vesa Karpinen
|
0-0: Ball 1-0: Ball 2-0: Called Strike 2-1: Foul Ball, location: 2F 2-2: Ball 3-2: SINGLE (Groundball, 4M, EV 86.2 MPH) (infield hit) Mark Merry to third
|
Batting: LHB Benno Luby
|
0-0: Fly out, F8 (Flyball, 8RD, EV 94.4 MPH) Runner from 3rd tags up, SCORES, throw by CF
|
Batting: RHB Oki Hai
|
0-0: Ball 1-0: Ball 2-0: Ball 3-0: Called Strike 3-1: SINGLE (Groundball, 6MD, EV 99.4 MPH) Vesa Karpinen to second Runner from 2nd tries for 3rd, SAFE, no throw by CF
|
Batting: LHB Luis Benítez
|
0-0: Ball 1-0: Fly out, F5 (Popup, 6S, EV 81.2 MPH)
|
Bottom of the 7th over - 1 run, 3 hits, 0 errors, 2 left on base; Phoenix 2 - Port Royal 5 |
TOP OF THE 8TH |
Phoenix Hotspur Reserves batting - Pitching for Port Royal Disaster : RHP Jerry Kumpf
|
Pitching: RHP Govaart van Ankeren
|
|
Batting: RHB Ilkka Haapajarvi
|
0-0: Ball 1-0: Called Strike 1-1: SINGLE (Groundball, 5D, EV 103.8 MPH)
|
Batting: RHB Peer Kattenberg
|
0-0: Foul Ball, location: 2F 0-1: Ball 1-1: Grounds into double play, 4-6-3 (Groundball, 4, EV 90.0 MPH)
|
Batting: LHB Malibok Herreria
|
0-0: Called Strike 0-1: Foul Ball, location: 2F 0-2: Ball 1-2: Foul Ball, location: 2F 1-2: Strikes out swinging
|
Top of the 8th over - 0 runs, 1 hit, 0 errors, 0 left on base; Phoenix 2 - Port Royal 5 |
BOTTOM OF THE 8TH |
Port Royal Disaster batting - Pitching for Phoenix Hotspur Reserves : RHP Coy Mitoglou
|
Batting: RHB Louie Kennard
|
0-0: Ground out 1-3 (Groundball, 13, EV 83.8 MPH)
|
Batting: LHB Alfonso López
|
0-0: Ball 1-0: Ball 2-0: Called Strike 2-1: Ball 3-1: Ground out 1-3 (Groundball, 34S, EV 83.1 MPH)
|
Batting: RHB Tomás Martí
|
0-0: Fly out, F8 (Flyball, 8RM, EV 73.1 MPH)
|
Bottom of the 8th over - 0 runs, 0 hits, 0 errors, 0 left on base; Phoenix 2 - Port Royal 5 |
TOP OF THE 9TH |
Phoenix Hotspur Reserves batting - Pitching for Port Royal Disaster : RHP Govaart van Ankeren
|
Pitching: LHP Binjimen Victor
|
|
Batting: RHB Nathan Pruitt
|
0-0: Ball 1-0: Ball 2-0: Called Strike 2-1: Called Strike 2-2: Foul Ball, location: 2F 2-2: Ball 3-2: Foul Ball, location: 2F 3-2: Base on Balls
|
Batting: RHB Lee Cooper
|
0-0: Fielders Choice at 2nd, 5-4 (Groundball, 56, EV 100.0 MPH)
|
Batting: RHB Juan Vigil
|
0-0: Ball 1-0: Ball 2-0: Fielders Choice at 2nd, 6-4 (Groundball, 6, EV 92.5 MPH)
|
Batting: RHB Pedro Marín
|
0-0: Ball 1-0: Ground out 1-3 (Groundball, 34S, EV 80.6 MPH)
|
Top of the 9th over - 0 runs, 0 hits, 0 errors, 1 left on base; Phoenix 2 - Port Royal 5 |
|